 Dungeon Crawl Stone Soup version 0.26.1-2-gb8aa6d0cf2 (webtiles) character file.

Game seed: 14075379906992849246

25409 DearestLeader the Unseen (level 12, -7/51 HPs)
             Began as a Spriggan Enchanter on Mar 19, 2021.
             Was the Champion of Dithmenos.
             Mangled by a boulder beetle (39 damage)
             ... on level 4 of the Lair of Beasts.
             The game lasted 00:41:58 (18282 turns).

DearestLeader the Unseen (Spriggan Enchanter)      Turns: 18282, Time: 00:42:00

Health: -7/51      AC:  9    Str:  6    XL:     12   Next: 89%
Magic:  10/17      EV: 24    Int: 19    God:    Dithmenos [******]
Gold:   543        SH:  0    Dex: 20    Spells: 7/16 levels left

rFire    . . .     SeeInvis +   R - +8 rapier "Yloudyi" {venom, rN+ Str+2 Int-2 Dex+3}
rCold    . . .     Faith    .   (shield restricted)
rNeg     + . .     Spirit   .   N - +2 acid dragon scales
rPois    .         Reflect  .   (helmet restricted)
rElec    .         Harm     .   F - +0 cloak
rCorr    +         Rampage  .   (gloves unavailable)
Will     ++...                  (boots unavailable) Stlth ****++++++
                                h - amulet of regeneration
HPRegen  0.57/turn              m - ring of stealth
MPRegen  0.15/turn              y - +4 ring of evasion

@: lethally poisoned (-7 -> -8), wreathed by umbra, very quick
A: very small, unfitting armour, see invisible, speed 3
a: Renounce Religion, Shadow Step, Shadow Form


You were on level 4 of the Lair of Beasts.
You worshipped Dithmenos.
Dithmenos was exalted by your worship.
You visited 3 branches of the dungeon, and saw 16 of its levels.

You collected 937 gold pieces.
You spent 394 gold pieces at shops.

Inventory:

Hand Weapons
 e - a +1 short sword of speed
 M - a +2 dagger of venom
 R - the +8 rapier "Yloudyi" (weapon) {venom, rN+ Str+2 Int-2 Dex+3}
   (You found it on level 1 of the Lair of Beasts)

   It poisons the flesh of those it strikes.
   It affects your strength (+2).
   It affects your intelligence (-2).
   It affects your dexterity (+3).
   It protects you from negative energy.
Missiles
 i - 85 poisoned darts (quivered)
 v - 5 atropa-tipped darts
 w - 7 curare-tipped darts
Armour
 a - a +1 robe of positive energy
 A - the +0 cloak "Kehoas" {*Slow Str+6}
   (You bought it in a shop on level 10 of the Dungeon)

   It affects your strength (+6).
   It may slow you when you take damage.
 F - a +0 cloak (worn)
 J - a +0 buckler
 K - the +0 robe "Oxkiecutau" {rF- Regen+ rCorr}
   (You found it on level 7 of the Dungeon)

   It makes you vulnerable to fire.
   It increases your rate of regeneration.
   It provides partial protection from all sources of acid and corrosion.
 N - +2 acid dragon scales (worn)
 P - a +2 robe of cold resistance
Jewellery
 h - an amulet of regeneration (around neck)
 m - a ring of stealth (left hand)
 y - a +4 ring of evasion (right hand)
 H - an uncursed ring of resist corrosion
 I - an uncursed ring of protection from fire
 O - an uncursed ring of ice
 X - an uncursed ring of wizardry
Wands
 g - a wand of random effects (20)
 x - a wand of polymorph (23)
 G - a wand of acid (6)
 Q - a wand of flame (14)
 V - a wand of enslavement (14)
Scrolls
 c - 3 scrolls of teleportation
 d - 4 scrolls of fog
 f - a scroll of immolation
 k - 2 scrolls of fear
 n - 6 scrolls of magic mapping
 o - 6 scrolls of enchant weapon
 q - a scroll of vulnerability
 t - 6 scrolls of remove curse
 B - 3 scrolls of silence {unknown}
 C - a scroll of blinking
 S - 3 scrolls of identify
 T - 2 scrolls of summoning {unknown}
 U - a scroll of random uselessness {unknown}
 Y - a scroll of enchant armour {unknown}
Potions
 b - a potion of resistance
 j - 4 potions of cancellation
 l - 2 potions of haste
 p - 3 potions of flight
 r - 2 potions of brilliance {unknown}
 s - a potion of invisibility {unknown}
 u - 3 potions of heal wounds {unknown}
 z - 3 potions of curing
 D - a potion of mutation {unknown}
 E - 2 potions of magic {unknown}
 L - a potion of lignification {unknown}
 W - a potion of ambrosia {unknown}


   Skills:
 + Level 12.6 Short Blades
 + Level 2.8 Armour
 + Level 6.6 Dodging
 + Level 18.1 Stealth
 - Level 2.6 Spellcasting
 + Level 14.1 Hexes
 + Level 3.8 Invocations


You had 7 spell levels left.
You knew the following spells:

 Your Spells              Type           Power        Failure   Level
a - Corona                Hex            60%          1%          1
b - Ensorcelled Hibernat  Hex/Ice        58%          2%          2
c - Confusing Touch       Hex            54%          1%          3
d - Dazzling Flash        Conj/Hex       58%          4%          3

Your spell library contained the following spells:

 Spells                   Type           Power        Failure   Level
 Tukima's Dance           Hex            54%          1%          3
 Inner Flame              Hex/Fire       29%          4%          3
 Fulminant Prism          Conj/Hex       14%          17%         4
 Foxfire                  Conj/Fire      8%           30%         1
 Freeze                   Ice            8%           30%         1
 Magic Dart               Conj           8%           30%         1
 Searing Ray              Conj           4%           41%         2
 Conjure Flame            Conj/Fire      2%           65%         3
 Frozen Ramparts          Ice            4%           65%         3
 Ozocubu's Armour         Ice            2%           65%         3
 Hailstorm                Conj/Ice       2%           96%         4
 Iskenderun's Mystic Bla  Conj/Tloc      2%           96%         4
 Sticky Flame             Conj/Fire      2%           96%         4
 Summon Ice Beast         Ice/Summ       2%           96%         4
 Fireball                 Conj/Fire      1%           100%        5
 Irradiate                Conj/Tmut      1%           100%        5
 Hydra Form               Tmut           1%           100%        6
 Statue Form              Tmut/Erth      1%           100%        6
 Dragon Form              Tmut           1%           100%        7


Dungeon Overview and Level Annotations

Branches:
Dungeon (11/15)            Temple (1/1) D:5            Lair (4/6) D:11
 Shoals (0/4) Lair:3        Snake (0/4) Lair:3          Orc (0/2) D:10

Altars:
Ashenzari
Cheibriados
Dithmenos
Elyvilon
Fedhas
Gozag
Kikubaaqudgha
Makhleb
Nemelex Xobeh
Okawaru
Qazlal
Ru
Sif Muna
Trog
Uskayaw
Vehumet
Wu Jian
Xom
Yredelemnul
Zin
The Shining One

Shops:
D:5 *   D:10 }[!

Annotations:
D:4 Menkaure
D:11 Erolcha


Innate Abilities, Weirdness & Mutations

You are very small and have problems with some larger weapons.
You are too small for most types of armour.
You have supernaturally acute eyesight. (SInv)
You cover ground extremely quickly.


Message History

Confirm with . or Enter, or press ? or * to list all spells.
Aiming: Ensorcelled Hibernation (safe; 2% risk of failure)
Press: ? - help, Shift-Dir - straight line, f/p - komodo dragon
Aim: a komodo dragon (umbra, chance to affect: 40%)
The komodo dragon looks drowsy...
You feel sick. The cane toad completely misses you.
The helpless komodo dragon fails to defend itself.
You stick the komodo dragon like a pincushion!!!!!
You kill the komodo dragon!
Dithmenos accepts your kill.
You feel sick. The cane toad completely misses you.
Casting: Ensorcelled Hibernation (safe; 2% risk of failure)
Confirm with . or Enter, or press ? or * to list all spells.
Aiming: Ensorcelled Hibernation (safe; 2% risk of failure)
Press: ? - help, Shift-Dir - straight line, f - boulder beetle
Aim: a boulder beetle (umbra, chance to affect: 40%)
The boulder beetle resists with some effort.
You feel sick. The boulder beetle hits you!!!
Ouch! That really hurt!
You die...

....................#
.......................#
.................#......
...................##...
.................####...
.................# #...
.........(........# #...
.......)..........###...
.##.@....^.......#...
#..BF.........#.....
##.°...........##...
#...°........≈P....!
##...........≈≈♣....
#..........;≈♣≈P..(
#...........≈P≈....
#............P....P
#......<..........<


You could see a boulder beetle and a cane toad.

Vanquished Creatures
  A catoblepas (D:10)
  Fannar (D:11)
  A hydra (Lair:2)
  Erica (D:11)
  A queen ant (Lair:2)
  Nergalle (Lair:3)
  An ugly thing (D:10)
  A manticore (D:10)
  2 merfolk sirens (Lair:3)
  10 cane toads
  A centaur skeleton (D:11)
  A black mamba (Lair:2)
  Maggie (D:10)
  2 rime drakes (Lair:3)
  5 komodo dragons
  2 merfolk (Lair:3)
  2 polar bears
  3 trolls
  5 blink frogs (Lair:2)
  A hornet (D:11)
  A shadow (D:11)
  3 wyverns
  20 yaks
  Eustachio (D:4)
  A basilisk (Lair:3)
  2 wargs (D:11)
  3 nagas (Lair:3)
  6 soldier ants (Lair:2)
  6 water moccasins
  5 orc warriors
  An ice beast (D:7)
  A sky beast (D:7)
  A necrophage (D:7)
  5 ogres
  3 centaurs
  Blork the orc (D:6)
  15 bullfrogs
  A big kobold (D:7)
  2 scorpions
  18 killer bees
  21 wights
  8 howler monkeys
  A bullfrog zombie (D:9)
  2 quasits (D:9)
  A centaur zombie (D:9)
  7 hounds
  A jelly (D:11)
  Crazy Yiuf (D:6)
  9 orc priests
  9 orc wizards
  2 bullfrog skeletons
  29 worker ants
  3 worker ant zombies
  A howler monkey skeleton (D:9)
  15 adders
  2 shadow imps
  2 white imps
  2 ufetubi
  An ooze (D:3)
  2 adder skeletons
  2 dart slugs (D:1)
  5 leopard geckos
  72 orcs
  6 giant cockroaches
  11 goblins
  4 hobgoblins (D:3)
  12 jackals
  5 kobolds
  2 quokkas
  8 bats
  3 frilled lizards
  A jackal skeleton (D:4)
  2 leopard gecko skeletons
  4 rats
395 creatures vanquished.

Vanquished Creatures (others)
  A jackal (D:11)
  A kobold (D:7)
  4 fungi
  11 plants
17 creatures vanquished.

Grand Total: 412 creatures vanquished

Notes
Turn   | Place    | Note
-------+----------+-------------------------------------------
     0 | D:1      | DearestLeader the Spriggan Enchanter began the quest for
                  | the Orb.
     0 | D:1      | Reached XP level 1. HP: 9/9 MP: 5/5
   295 | D:1      | Reached XP level 2. HP: 6/13 MP: 4/6
   298 | D:1      | Learned a level 2 spell: Ensorcelled Hibernation
  1154 | D:2      | Reached skill level 5 in Stealth
  1154 | D:2      | Reached XP level 3. HP: 16/16 MP: 8/8
  1742 | D:3      | Reached XP level 4. HP: 17/21 MP: 4/9
  2135 | D:3      | Reached skill level 6 in Stealth
  2357 | D:3      | Reached XP level 5. HP: 19/24 MP: 10/10
  2581 | D:3      | Found an iron altar of Okawaru.
  3159 | D:4      | Noticed Eustachio
  3175 | D:4      | Killed Eustachio
  3176 | D:4      | Reached skill level 5 in Short Blades
  3176 | D:4      | Reached skill level 7 in Stealth
  3176 | D:4      | Reached XP level 6. HP: 17/28 MP: 5/11
  3872 | D:4      | Noticed Menkaure
  3885 | D:4      | HP: 1/28 [Menkaure/nerve-wracking pain (14)]
  4200 | D:3      | Learned a level 3 spell: Confusing Touch
  4204 | D:3      | Learned a level 3 spell: Dazzling Flash
  4637 | D:5      | Entered Level 5 of the Dungeon
  4643 | D:5      | Found an opulent altar of Gozag.
  4648 | D:5      | Found Gozag's Platinum Reserve.
  5209 | D:5      | Reached XP level 7. HP: 32/32 MP: 9/12
  5372 | D:5      | Found a staircase to the Ecumenical Temple.
  5381 | Temple   | Entered the Ecumenical Temple
  5470 | Temple   | Became a worshipper of Dithmenos the Shadowed
  5771 | D:5      | Reached skill level 8 in Stealth
  6363 | D:6      | Noticed Blork the orc
  6370 | D:6      | Killed Blork the orc
  6371 | D:6      | Reached skill level 5 in Hexes
  6739 | D:6      | Got a steaming robe
  6749 | D:6      | Identified the +2 robe of Chimes {*Slow rF+++ Str-5 Dex+9}
                  | (You found it on level 6 of the Dungeon)
  6749 | D:6      | Lost strength.
  6777 | D:6      | Reached * piety under Dithmenos
  6832 | D:6      | Found a runed translucent door.
  6833 | D:6      | Noticed Crazy Yiuf
  6840 | D:6      | Killed Crazy Yiuf
  7165 | D:7      | Reached XP level 8. HP: 26/36 MP: 10/13
  7358 | D:7      | Reached skill level 9 in Stealth
  7397 | D:7      | Found a radiant altar of Vehumet.
  7400 | D:7      | Found a sparkling altar of Nemelex Xobeh.
  7400 | D:7      | Found a white marble altar of Elyvilon.
  7462 | D:7      | Found an iron altar of Okawaru.
  8099 | D:7      | Reached skill level 10 in Stealth
  8374 | D:7      | Got an ominously black robe
  8384 | D:7      | Identified the +0 robe "Oxkiecutau" {rF- Regen+ rCorr} (You
                  | found it on level 7 of the Dungeon)
  8967 | D:8      | Reached XP level 9. HP: 39/39 MP: 11/14
  9085 | D:8      | Reached ** piety under Dithmenos
  9419 | D:8      | Found a hide-covered altar of Uskayaw.
  9429 | D:8      | Reached skill level 10 in Short Blades
  9624 | D:8      | Reached skill level 11 in Stealth
 11004 | D:9      | Reached *** piety under Dithmenos
 11290 | D:9      | Reached skill level 12 in Stealth
 11295 | D:9      | Found a bloodstained altar of Trog.
 11493 | D:10     | Entered Level 10 of the Dungeon
 11493 | D:10     | Noticed a catoblepas
 11493 | D:10     | Noticed a manticore
 11525 | D:10     | Found Yggiemin's Antique Armour Emporium.
 11557 | D:10     | Reached XP level 10. HP: 44/44 MP: 11/15
 11946 | D:10     | Found Basud's Gadget Boutique.
 11996 | D:10     | Bought a smouldering cloak for 294 gold pieces
 12016 | D:10     | Identified the +0 cloak "Kehoas" {*Slow Str+6} (You bought
                  | it in a shop on level 10 of the Dungeon)
 12057 | D:10     | HP: 2/44 [catoblepas (4)]
 12285 | D:10     | Found a staircase to the Orcish Mines.
 12470 | D:10     | Noticed a red ugly thing
 12519 | D:10     | Killed a red ugly thing
 12519 | D:10     | Reached **** piety under Dithmenos
 12848 | D:10     | Reached skill level 13 in Stealth
 12899 | D:10     | Reached skill level 10 in Hexes
 13143 | D:10     | Killed a catoblepas
 13144 | D:10     | Reached skill level 14 in Stealth
 13374 | D:10     | Reached XP level 11. HP: 35/47 MP: 7/16
 13522 | D:10     | Found Hiqijoipa's Distillery.
 13549 | D:10     | Bought a potion of resistance for 100 gold pieces
 13771 | D:10     | Noticed Maggie
 13782 | D:10     | Killed Maggie
 13886 | D:11     | Noticed Erica
 14050 | D:11     | Reached skill level 15 in Stealth
 14062 | D:11     | Reached ***** piety under Dithmenos
 14091 | D:11     | Noticed Fannar
 14106 | D:11     | Killed Fannar
 14697 | D:11     | Killed Erica
 14698 | D:11     | Reached skill level 16 in Stealth
 14820 | D:11     | Found a staircase to the Lair.
 14820 | D:11     | Noticed Erolcha
 14957 | Lair:1   | Entered Level 1 of the Lair of Beasts
 15465 | Lair:1   | Got an iridescent rapier
 15466 | Lair:1   | Identified the +8 rapier "Yloudyi" {venom, rN+ Str+2 Int-2
                  | Dex+3} (You found it on level 1 of the Lair of Beasts)
 15482 | Lair:1   | Reached skill level 17 in Stealth
 15795 | Lair:1   | Reached XP level 12. HP: 51/51 MP: 17/17
 16213 | Lair:2   | Reached skill level 1 in Invocations
 16302 | Lair:2   | Reached skill level 1 in Armour
 16749 | Lair:2   | Noticed a four-headed hydra
 17010 | Lair:2   | Noticed a queen ant
 17012 | Lair:2   | Killed a four-headed hydra
 17038 | Lair:2   | Reached skill level 5 in Dodging
 17226 | Lair:2   | Killed a queen ant
 17429 | Lair:3   | Noticed Nergalle
 17437 | Lair:3   | Killed Nergalle
 17470 | Lair:3   | Found a staircase to the Snake Pit.
 17621 | Lair:3   | Found a shimmering altar of Xom.
 17726 | Lair:3   | Reached skill level 18 in Stealth
 17747 | Lair:3   | Found a staircase to the Shoals.
 17770 | Lair:3   | Reached ****** piety under Dithmenos
 18176 | Lair:4   | Noticed a boulder beetle
 18282 | Lair:4   | Mangled by a boulder beetle

Illustrated notes

Levels and vault maps discovered:
D:1:      minmay_arrival_three_doors, layout_basic,
          chequers_serial_rivers_small_a
D:2:      layout_rooms
D:3:      layout_loops_ring, moated_statue, kennysheep_minor_cross,
          okawaru_metal_pillars_3
D:4:      layout_gridville, uniq_eustachio, uniq_menkaure
D:5:      layout_loops_ring, nicolae_gozag_zags_fifth_avenue,
          minmay_temple_entry_glass
D:6:      layout_basic, mrwooster_statue_mirror, small_statue_intersection,
          minmay_misc_feat_doors, uniq_blork_the_orc, uniq_crazy_yiuf_cottage
D:7:      layout_loops_ring, overflow_temple_1_default,
          chequers_temple_overflow_statue_of_worship, st_stairs_5,
          kennysheep_crisscross, kennysheep_big_empty_room
D:8:      layout_rooms, serial_co_window_serial, co_window_paths_a,
          co_window_of_opportunity_a, co_window_corner_a, co_window_paths_b,
          co_window_of_opportunity_a, co_window_of_opportunity_a,
          co_window_2corner, co_window_corner_b, co_window_unsneaky_path_e,
          co_window_paths_c, co_window_sun, glass_columns_b, glass_columns_a,
          glass_columns_a, glass_columns_b, glass_columns_c, basic_altar,
          kennysheep_generic_room_12
D:9:      layout_long_grid, marbit_many_paths
D:10:     nzn_motion_control, layout_rooms, hiddenorc2_lemuel, serial_shops,
          shop, nicolae_shop_trees, shop_fountains, minivault_19, uniq_maggie
D:11:     layout_basic, erik_lair_orcish_takeover, uniq_fannar, uniq_erica,
          uniq_erolcha
Temple:   eino_temple_scatter_basement
Lair:1:   layout_cave_pods, st_stairs_9, serial_bayou_shore_a,
          lemuel_fruit_fields, grunt_megastairs_1
Lair:2:   layout_chaotic_city, cheibrodos_lair_caveside_slide,
          zaba_antful_of_joy
Lair:3:   layout_chaotic_city, elwin_shoals_entry_stream,
          minmay_snake_entry_guardpost_small, basic_altar, uniq_nergalle
Lair:4:   layout_gridlike, serial_bayou, serial_bayou_crossing,
          serial_bayou_pond_e, serial_bayou_pond_a, serial_bayou_pond_d,
          uniq_rupert

Skill      XL: |  1  2  3  4  5  6  7  8  9 10 11 12 |
---------------+-------------------------------------+-----
Short Blades   | 2 3 4 5 6 7 9 11 12 | 12.6
Hexes          | 4 5 6 8 10 13 14 | 14.1
Stealth        | 5 6 7 8 10 12 14 17 18 | 18.1
Invocations    | 3 |  3.8
Armour         | 2 |  2.8
Dodging        | 6 |  6.6
Spellcasting   | |  2.6

Action                   |  1- 3 |  4- 6 |  7- 9 | 10-12 || total
-------------------------+-------+-------+-------+-------++-------
Melee: Dagger            |    78 |       |   122 |   421 ||   621
       Short sword       |    19 |   168 |   322 |       ||   509
       Rapier            |       |       |       |   164 ||   164
 Cast: Corona            |     7 |     4 |     4 |     2 ||    17
       Ensorcelled Hiber |    20 |    37 |    61 |   113 ||   231
       Confusing Touch   |       |       |    21 |    12 ||    33
       Dazzling Flash    |       |       |     7 |    19 ||    26
  Use: Scroll            |     1 |     5 |     8 |     4 ||    18
       Potion            |       |     2 |       |       ||     2
 Stab: Sleeping          |    15 |    26 |    58 |    90 ||   189
       Distracted        |       |       |     3 |    13 ||    16
       Confused          |       |       |    20 |    14 ||    34
       Invisible         |       |       |     4 |    17 ||    21
Armor: Robe              |    15 |     5 |    12 |     6 ||    38
       Acid dragon scale |       |       |       |    23 ||    23
Dodge: Dodged            |    74 |    85 |   268 |   412 ||   839
